 Dungeon Crawl Stone Soup version 0.25-a0-665-ga69d64035b (webtiles) character file.

Game seed: 3713344330777307693, levelgen mode: deterministic

81 DasRunzen the Slasher (level 4, 0/37 HPs)
             Began as a Demigod Gladiator on Mar 26, 2020.
             Slain by a hobgoblin
             ... wielding a +0 club
              (1 damage)
             ... on level 2 of the Dungeon.
             The game lasted 00:02:52 (1591 turns).

DasRunzen the Slasher (Demigod Gladiator)           Turns: 1591, Time: 00:02:52

Health: 0/37       AC:  7    Str: 17    XL:     4   Next: 0%
Magic:  8/8        EV: 13    Int: 14    God:
Gold:   49         SH:  0    Dex: 17    Spells: 5/5 levels left

rFire    . . .     SeeInvis .   a - +0 long sword
rCold    . . .     Gourm    .   (no shield)
rNeg     . . .     Faith    .   b - +0 leather armour
rPois    .         Spirit   .   c - +0 helmet
rElec    .         Reflect  .   (no cloak)
rCorr    .         Harm     .   m - +2 pair of gloves
MR       .....                  (no boots)
Stlth    +.........             (no amulet)
HPRegen  0.12/turn              (no ring)
MPRegen  0.11/turn              (no ring)

@: no status effects
A: high mp 1
a: no special abilities


You were on level 2 of the Dungeon.
You were hungry.

You visited 1 branch of the dungeon, and saw 2 of its levels.

You collected 49 gold pieces.

Inventory:

Hand Weapons
 a - a +0 long sword (weapon)
Missiles
 d - 3 throwing nets (quivered)
Armour
 b - a +0 leather armour (worn)
 c - a +0 helmet (worn)
 m - a +2 pair of gloves (worn)
Wands
 l - a wand of random effects (22)
Scrolls
 e - a scroll of teleportation
 i - 2 scrolls of fear
 q - a scroll of random uselessness {unknown}
 r - a scroll of remove curse
 s - a scroll of enchant armour {unknown}
Potions
 g - a potion of heal wounds {unknown}
 h - a potion of curing {unknown}
 j - 2 potions of ambrosia {unknown}
 k - a potion of cancellation {unknown}
 n - a potion of brilliance {unknown}
 p - a potion of berserk rage {unknown}
Comestibles
 f - 3 rations


   Skills:
 + Level 2.3 Fighting
 + Level 3.2 Long Blades
 - Level 1.7 Throwing
 + Level 1.2 Armour
 + Level 3.1 Dodging
 + Level 1.1 Spellcasting


You had 5 spell levels left.
You didn't know any spells.
Your spell library was empty.

Dungeon Overview and Level Annotations

Branches:
Dungeon (2/15)


Innate Abilities, Weirdness & Mutations

You have an increased reservoir of magic. (+10% MP)


Message History

You barely miss the worm. The hobgoblin misses you. The worm bites you!
* * * LOW HITPOINT WARNING * * *
The rat bites you but does no damage.
Unknown command.
You hit the worm.
The worm is moderately wounded.
The hobgoblin hits you but does no damage.
The rat bites you but does no damage. The worm closely misses you.
The hobgoblin hits you but does no damage.
You slash the worm!
The worm is severely wounded.
The rat barely misses you.
You riposte.
You hit the rat.
You kill the rat!
You have reached level 4!
The hobgoblin hits you with a +0 club.
* * * LOW HITPOINT WARNING * * *
You barely miss the worm.
The worm is severely wounded.
The worm closely misses you. The hobgoblin hits you with a +0 club.
You die...

#......# #.####.#
#.# #.#
##################.#
#.#
...................#
#.#####
####################
#.....# #####.# #
♣♣♣♣ ♣ #.# # ♣♣@[♣.♣
#.# # ♣gw†.♣♣ #.#
#### ♣.!.^.♣ #.#
'..## ♣?...♣♣ #>##
##..# ♣♣...♣♣♣ #..#
##..# ♣♣♣...♣♣ ##.#
#...# ♣.♣♣.♣♣ #.##
#...# ♣ ♣♣♣♣♣.♣ #..#
....# ♣. ♣.♣♣ ##.#


You could see a worm and a hobgoblin.

Vanquished Creatures
  An adder (D:2)
  3 worms (D:2)
  2 dart slugs (D:1)
  A leopard gecko (D:1)
  3 giant cockroaches (D:1)
  7 goblins
  9 hobgoblins
  4 jackals (D:2)
  8 kobolds
  A quokka (D:2)
  A ball python (D:2)
  4 bats
  3 frilled lizards (D:2)
  8 rats
55 creatures vanquished.

Notes
Turn   | Place    | Note
-------+----------+-------------------------------------------
     0 | D:1      | DasRunzen the Demigod Gladiator began the quest for the
                  | Orb.
     0 | D:1      | Reached XP level 1. HP: 17/17 MP: 3/3
   111 | D:1      | Reached XP level 2. HP: 20/24 MP: 4/4
   187 | D:1      | You fall into a shaft and drop 1 floor!
   830 | D:2      | Reached XP level 3. HP: 28/29 MP: 6/6
   920 | D:2      | Found a faded altar of an unknown god.
  1008 | D:2      | Reached skill level 1 in Armour
  1204 | D:2      | Reached skill level 1 in Spellcasting
  1511 | D:2      | Noticed a moth of wrath
  1513 | D:2      | Found a bloodstained altar of Trog.
  1590 | D:2      | Reached XP level 4. HP: 7/37 MP: 8/8
  1590 | D:2      | HP: 1/37 [hobgoblin/+0 club (6)]
  1591 | D:2      | Slain by a hobgoblin

Levels and vault maps discovered:
D:1:      tarquinn_simple_flora_water_c, layout_basic
D:2:      kb_forest_paths, layout_basic, tgw_trog, first_ration,
          chequers_ecumenical_altar_grove

Skill      XL: |  1  2  3 |
---------------+----------+-----
Fighting       | 2 |  2.3
Long Blades    | 3 |  3.2
Dodging        | 3 |  3.1
Armour         | 1 |  1.2
Spellcasting   | 1 |  1.1
Throwing       | |  1.7

Action                   |  1- 3 |  4- 6 || total
-------------------------+-------+-------++-------
Melee: Long sword        |   142 |     1 ||   143
  Use: Scroll            |     7 |       ||     7
  Eat: Chunk             |     2 |       ||     2
Armor: Leather armour    |    59 |       ||    59
Dodge: Dodged            |   126 |     1 ||   127
       Rpst.: Long sword |    40 |       ||    40

Table legend:
 A = Non-vault XP
 B = Vault XP
 C = Vault XP percentage of total XP
 D = Non-vault monster count
 E = Vault monster count
 F = Vault count percentage of total count
                 A         B        C        D         E       F
            +---------+---------+-------+---------+---------+-------
      Total |     107 |       9 |   7.8 |      47 |       8 |  14.5
            +---------+---------+-------+---------+---------+-------
        D:1 |      45 |       0 |   0.0 |      23 |       0 |   0.0
        D:2 |      62 |       9 |  12.7 |      24 |       8 |  25.0
            +---------+---------+-------+---------+---------+-------
